 Dungeon Crawl Stone Soup version 0.29.1-13-g9f3cf754e1 (webtiles) character file.

Game seed: 466252161779103554

128 MacCMillion the Slasher (level 4, -1/38 HPs)
             Began as a Demigod Gladiator on Feb 2, 2023.
             Slain by a gnoll
             ... wielding a +0 whip
             ... led by a gnoll bouda
              (3 damage)
             ... on level 2 of the Dungeon.
             The game lasted 00:04:40 (3445 turns).

MacCMillion the Slasher (Demigod Gladiator)         Turns: 3445, Time: 00:04:40

Health: -1/38      AC:  4    Str: 15    XL:     4   Next: 57%
Magic:  6/6        EV: 12    Int: 10    God:
Gold:   118        SH:  0    Dex: 19    Spells: 3/3 levels left

rFire   . . .      SeeInvis .   a - +0 long sword
rCold   . . .      Faith    .   (no shield)
rNeg    . . .      Spirit   .   b - +0 leather armour
rPois   .          Reflect  .   c - +0 helmet
rElec   .          Harm     .   (no cloak)
rCorr   +          Rampage  .   (no gloves)
Will    .....                   (no boots)
Stlth   +.........              (no amulet)
HPRegen 0.12/turn               o - ring of resist corrosion
MPRegen 0.10/turn               (no ring)

@: no status effects
A: high MP 1, forlorn, divine attributes
a: no special abilities


You were on level 2 of the Dungeon.
You visited 1 branch of the dungeon, and saw 3 of its levels.

You collected 118 gold pieces.

Inventory:

Hand Weapons
 a - a +0 long sword (weapon)
Missiles
 d - 3 throwing nets (quivered)
 e - a javelin
Armour
 b - a +0 leather armour (worn)
 c - a +0 helmet (worn)
Jewellery
 o - a ring of resist corrosion (left hand)
Wands
 q - a wand of light (14)
Scrolls
 g - a scroll of enchant weapon {unknown}
 i - 3 scrolls of teleportation {unknown}
 l - a scroll of fear {unknown}
 m - a scroll of poison {unknown}
 n - a scroll of vulnerability {unknown}
 p - a scroll of butterflies {unknown}
Potions
 h - 3 potions of curing
 j - a potion of lignification
 k - a potion of haste {unknown}


   Skills:
 - Level 3.0 Fighting
 + Level 4.5 Long Blades
 - Level 1.7 Throwing
 - Level 2.6 Dodging


You had 3 spell levels left.
You didn't know any spells.
Your spell library was empty.

Dungeon Overview and Level Annotations

Branches:
Dungeon (3/15)


Innate Abilities, Weirdness & Mutations

You have an increased reservoir of magic. (+10% MP)
You shall have no god before yourself.
Your divine heritage dramatically boosts your attributes as you level up.


Message History

You see here a +0 club.
There is a stone staircase leading up here.
The gnoll throws a throwing net.
The throwing net hits you.
You become entangled in the net!
You stop ascending the stairs.
The gnoll hits you from afar with a +0 halberd.
You tear a large gash into the net.
The gnoll hits you from afar with a +0 halberd.
You struggle against the net.
The gnoll hits you from afar with a +0 halberd!
* * * LOW HITPOINT WARNING * * *
You rip the net and break free!
The gnoll hits you but does no damage. The gnoll hits you with a +0 whip.
* * * LOW HITPOINT WARNING * * *
The gnoll hits you from afar with a +0 halberd.
* * * LOW HITPOINT WARNING * * *
You climb upwards.
There is a stone staircase leading down here.
Throw: 4 throwing nets
Press: ? - help, Shift-Dir - straight line, f - gnoll
Aim: a gnoll, wielding a +0 whip (65% to hit)
You throw a throwing net. The throwing net hits the gnoll.
The gnoll is caught in the net!
You hit the gnoll.
The gnoll is lightly wounded.
The gnoll struggles against the net. x2
You barely miss the gnoll.
The gnoll is lightly wounded.
The gnoll struggles against the net.
You hit the gnoll.
The gnoll is heavily wounded.
The gnoll struggles against the net.
You catch the helpless gnoll completely off-guard!
You hit the gnoll.
The gnoll is heavily wounded.
The gnoll struggles against the net.
The net rips apart, and the gnoll comes free!
You hit the gnoll.
The gnoll is severely wounded.
The gnoll hits you with a +0 whip.
You die...

#.######.......)........#
#.#..............#####.##
#.#.####..#.##...#####.#
#.#.# #..#.##...##....#
#.#.####..#.###..#..####
#.#.......#.# #..#.##
#.#######.#.# #..#.#
#'#######.#.###....#####
................@g.....#
.................#####.#
....############.# #.#
...†# #.# #†# ....#
#.#####.# ....# #.....#.#
....# #####.#.# #####
#.#.# #.#.#


You could see a gnoll.

Vanquished Creatures
  4 adders (D:2)
  5 gnolls
  A worm (D:2)
  2 dart slugs
  An orc (D:2)
  5 ball pythons
  3 bats
  An endoplasm (D:3)
  A goblin (D:3)
  3 hobgoblins
  2 quokkas (D:1)
  A frilled lizard (D:2)
  8 kobolds
  3 rats
40 creatures vanquished.

Notes
Turn   | Place    | Note
-------+----------+-------------------------------------------
     0 | D:1      | MacCMillion the Demigod Gladiator began the quest for the
                  | Orb.
     0 | D:1      | Reached XP level 1. HP: 17/17 MP: 3/3
   159 | D:1      | Reached skill level 3 in Long Blades
   456 | D:1      | Reached XP level 2. HP: 24/24 MP: 4/4
  1295 | D:2      | Reached XP level 3. HP: 25/30 MP: 5/5
  2449 | D:2      | Reached skill level 4 in Long Blades
  2449 | D:2      | Reached XP level 4. HP: 25/38 MP: 6/6
  3438 | D:3      | HP: 1/38 [gnoll/+0 halberd[a gnoll bouda] (2)]
  3445 | D:2      | Slain by a gnoll

Illustrated notes

Levels and vault maps discovered:
D:1:      dpeg_arrival_tiny_a, layout_basic,
          hellmonk_ecumenical_altar_pennies_from_heaven, hex_medium
D:2:      layout_basic, basic_altar
D:3:      layout_loops_ring, chequers_serial_rivers_room_b,
          nicolae_shop_vocational, uniq_terence

Skill      XL: |  1  2  3 |
---------------+----------+-----
Fighting       | 2 3 |  3.0
Long Blades    | 3 4 |  4.5
Throwing       | |  1.7
Dodging        | |  2.6

Action                   |  1- 3 |  4- 6 || total
-------------------------+-------+-------++-------
Melee: Long sword        |    91 |    28 ||   119
       Punch             |     2 |     1 ||     3
Throw: Javelin           |     2 |       ||     2
       Throwing net      |       |     1 ||     1
  Use: Scroll            |       |     2 ||     2
 Stab: Held in net/web   |       |     1 ||     1
       Sleeping          |       |     1 ||     1
Armor: Leather armour    |    27 |     3 ||    30
Dodge: Dodged            |    58 |    14 ||    72
